[Event "MPL-1 Indian Chess Tour 2022"]
[Site "Online"]
[Date "2022.03.27"]
[Round "10.3"]
[White "Erigaisi Arjun"]
[Black "Iniyan, P."]
[Result "1-0"]
[ECO "A46"]
[WhiteElo "2633"]
[BlackElo "2516"]
[Annotator "RC"]
[PlyCount "61"]
[EventDate "2022.03.30"]
[EventType "tourn"]
[EventCountry "NET"]
[SourceTitle "playchess.com"]
[Source "ChessBase"]
[SourceQuality "1"]
[TimeControl "5400+30"]

1. d4 Nf6 2. Nf3 b6 3. Bg5 Bb7 4. Nbd2 e6 5. e4 Be7 6. Bd3 h6 7. Bxf6 Bxf6 8. e5 Be7 9. Be4 c6 10. Qe2 Qc7 11. O-O d5 12. exd6 Bxd6 13. Nc4 Nd7 14. Nxd6+ Qxd6 15. c4 O-O 16. Rac1 Rac8 17. Qe3 Rfd8 18. c5 Qe7 19. Qa3 a5 20. Rfe1 bxc5 21. dxc5 Nf6 22. Bc2 Nd5 23. Ne5 Qg5 24. g3 Ba6 25. Qxa5 Be2 26. Nxc6 Nf4 27. h4 Qf6 28. gxf4 Qxf4 29. Qb4 Bc4 30. Bh7+ Kxh7 31. Rxc4 1-0

[Event "MPL-1 Indian Chess Tour 2022"]
[Site "Online"]
[Date "2022.03.31"]
[Round "10.5"]
[White "Harika, Dronavalli"]
[Black "Sadhwani, Raunak"]
[Result "1-0"]
[ECO "A28"]
[WhiteElo "2517"]
[BlackElo "2616"]
[Annotator "RC"]
[PlyCount "113"]
[EventDate "2022.03.30"]
[EventType "tourn"]
[EventCountry "NET"]
[SourceTitle "playchess.com"]
[Source "ChessBase"]
[SourceQuality "1"]
[TimeControl "5400+30"]

1. c4 e5 2. Nc3 Nf6 3. Nf3 Nc6 4. e4 Bb4 5. d3 d6 6. a3 Bxc3+ 7. bxc3 O-O 8. g3 h6 9. Bg2 Nh7 10. O-O f5 11. exf5 Bxf5 12. d4 Qf6 13. Nh4 Bd7 14. Bd5+ Kh8 15. dxe5 Nxe5 16. f4 Bh3 17. Be3 c6 18. Be4 Nxc4 19. Bd4 Qf7 20. Ng6+ Kg8 21. Nxf8 Nxf8 22. Re1 Ne6 23. Qd3 Nxd4 24. Qxd4 d5 25. Bd3 Nd6 26. Re5 Bf5 27. Bxf5 Nxf5 28. Qd3 Rf8 29. Rae1 h5 30. Qe2 g6 31. Re8 Rxe8 32. Qxe8+ Kg7 33. a4 Qf6 34. Re6 Qf7 35. a5 a6 36. Kf2 Qxe8 37. Rxe8 Kf7 38. Rb8 Nd6 39. Ke2 c5 40. Kd3 Ke6 41. h3 Kf5 42. Rf8+ Ke6 43. g4 hxg4 44. hxg4 Ke7 45. Rg8 Kf7 46. Rb8 Ke6 47. Ke2 Kf6 48. Kf3 Ke6 49. Kg3 Ne4+ 50. Kf3 Nd6 51. Rg8 Kf7 52. Rh8 Ke6 53. Rh6 Kf7 54. f5 Ne4 55. Rxg6 Nxc3 56. Rb6 d4 57. g5 1-0

[Event "MPL-1 Indian Chess Tour 2022"]
[Site "Online"]
[Date "2022.03.27"]
[Round "11.1"]
[White "Karthikeyan, Murali"]
[Black "Sethuraman, S.P."]
[Result "1/2-1/2"]
[ECO "B51"]
[WhiteElo "2622"]
[BlackElo "2619"]
[Annotator "ChessBase"]
[PlyCount "117"]
[EventDate "2022.03.30"]
[EventType "tourn"]
[EventCountry "NET"]
[SourceTitle "playchess.com"]
[Source "ChessBase"]
[SourceQuality "1"]
[TimeControl "5400+30"]

1. e4 c5 2. Nf3 d6 3. Bb5+ Nd7 4. O-O a6 5. Be2 Ngf6 6. d3 g6 7. c4 Bg7 8. Nc3 O-O 9. d4 cxd4 10. Nxd4 Nc5 11. f3 Qb6 12. Kh1 Ne6 13. Nc2 Bd7 14. Rb1 Qa5 15. Be3 Rfc8 16. b4 Qd8 17. Nd5 Nxd5 18. exd5 Nf8 19. Bd4 Bxd4 20. Qxd4 a5 21. a3 axb4 22. axb4 Bf5 23. Rb2 Bxc2 24. Rxc2 Nd7 25. g3 Qb6 26. Qd2 Ra3 27. Rfc1 Qf2 28. f4 Nf6 29. Bf1 Qxd2 30. Rxd2 Rb3 31. b5 Kf8 32. Re1 Nd7 33. Bh3 f5 34. Rde2 Re8 35. Bf1 Ra3 36. Kg2 Nc5 37. h3 Ne4 38. g4 Rea8 39. Kh2 Ra2 40. Bg2 Rxe2 41. Rxe2 Nc5 42. gxf5 gxf5 43. h4 Ra4 44. Rc2 Kf7 45. Bf1 Ra1 46. Bh3 Kf6 47. Rg2 Ne4 48. Rg8 Ra2+ 49. Kg1 Nd2 50. Rf8+ Kg7 51. Re8 Kf7 52. Rh8 Kg7 53. Re8 Kf7 54. Rh8 Ra1+ 55. Kh2 Kg7 56. Re8 Kf7 57. Rh8 Kg7 58. Re8 Kf7 59. Rh8 1/2-1/2

[Event "MPL-1 Indian Chess Tour 2022"]
[Site "Online"]
[Date "2022.03.27"]
[Round "11.3"]
[White "Gukesh D"]
[Black "Mendonca, Leon Luke"]
[Result "1-0"]
[ECO "B90"]
[WhiteElo "2614"]
[BlackElo "2536"]
[Annotator "ChessBase"]
[PlyCount "93"]
[EventDate "2022.03.30"]
[EventType "tourn"]
[EventCountry "NET"]
[SourceTitle "playchess.com"]
[Source "ChessBase"]
[SourceQuality "1"]
[TimeControl "5400+30"]

1. e4 c5 2. Nf3 d6 3. d4 cxd4 4. Nxd4 Nf6 5. Nc3 a6 6. Qd3 e6 7. a4 b6 8. Qg3 Bb7 9. f3 Nbd7 10. Be2 Be7 11. Qxg7 Rg8 12. Qh6 Rxg2 13. Be3 Rg6 14. Qh3 Rc8 15. Bd2 Ne5 16. Qf1 d5 17. O-O-O dxe4 18. Bxa6 Nd3+ 19. Bxd3 exd3 20. Qxd3 Kf8 21. Rhe1 Kg8 22. f4 Bc5 23. Ncb5 Qd5 24. Kb1 Ne4 25. Be3 Qh5 26. f5 exf5 27. Rf1 Rd8 28. Rxf5 Qxh2 29. Qc4 Rd7 30. Rdf1 Rg7 31. Ka1 Qh3 32. R5f3 Qg4 33. Nf5 Rg6 34. Nh6+ Rxh6 35. Bxh6 Bd5 36. Qd3 Bc6 37. Rf4 Qg6 38. Qh3 Nf2 39. R1xf2 Bxf2 40. Rg4 Rd1+ 41. Ka2 Bd5+ 42. b3 Rh1 43. Rxg6+ hxg6 44. Qc8+ Kh7 45. Bd2 Be6 46. Qb8 g5 47. Bxg5 1-0

[Event "MPL-1 Indian Chess Tour 2022"]
[Site "Online"]
[Date "2022.03.31"]
[Round "11.4"]
[White "Sadhwani, Raunak"]
[Black "Ganguly, Surya Shekhar"]
[Result "1-0"]
[ECO "B90"]
[WhiteElo "2616"]
[BlackElo "2627"]
[Annotator "ChessBase"]
[PlyCount "101"]
[EventDate "2022.03.30"]
[EventType "tourn"]
[EventCountry "NET"]
[SourceTitle "playchess.com"]
[Source "ChessBase"]
[SourceQuality "1"]
[TimeControl "5400+30"]

1. e4 c5 2. Nf3 d6 3. d4 cxd4 4. Nxd4 Nf6 5. Nc3 a6 6. h3 e5 7. Nb3 Be7 8. g4 h6 9. Be3 Be6 10. Qf3 Nbd7 11. O-O-O Rc8 12. Nd5 Bxd5 13. exd5 Nb6 14. Kb1 Nc4 15. Bxc4 Rxc4 16. Nd2 Rc8 17. h4 Qc7 18. c3 h5 19. g5 Ng4 20. Ne4 Nxe3 21. fxe3 g6 22. Rhf1 Rf8 23. Rf2 Qc4 24. b3 Qb5 25. Kb2 Kd8 26. a4 Qd7 27. Rdf1 b5 28. a5 Qc7 29. Qh3 Ke8 30. Rc2 Rb8 31. Ra1 Qd7 32. Qxd7+ Kxd7 33. Rf1 Bd8 34. c4 bxc4 35. Rxc4 Rb5 36. Rc6 Rxd5 37. Rxa6 Ke6 38. b4 Bc7 39. Ra7 Rc8 40. Rf6+ Ke7 41. Nc3 Rd2+ 42. Kb3 Ke8 43. Nb5 Bb8 44. Raxf7 Rd3+ 45. Ka4 Rc1 46. Na7 Bxa7 47. Rxa7 Rd5 48. Rxg6 Kf8 49. Rh6 Kg8 50. Re6 Kf8 51. g6 1-0

[Event "MPL-1 Indian Chess Tour 2022"]
[Site "Online"]
[Date "2022.03.27"]
[Round "11.7"]
[White "Lalith Babu M R"]
[Black "Erigaisi Arjun"]
[Result "1/2-1/2"]
[ECO "E73"]
[WhiteElo "2563"]
[BlackElo "2633"]
[Annotator "COMBH"]
[PlyCount "95"]
[EventDate "2022.03.30"]
[EventType "tourn"]
[EventCountry "NET"]
[SourceTitle "playchess.com"]
[Source "ChessBase"]
[SourceQuality "1"]
[TimeControl "5400+30"]

1. c4 Nf6 2. Nc3 g6 3. d4 Bg7 4. e4 d6 5. Be2 O-O 6. Be3 Nc6 7. d5 Ne5 8. h3 e6 9. Nf3 Nxf3+ 10. Bxf3 Nd7 11. O-O Bxc3 12. bxc3 e5 13. Qd2 b6 14. Be2 Nc5 15. Qc2 f5 16. exf5 Bxf5 17. Qc1 Bd3 18. Bg5 Qd7 19. Qe3 Bxe2 20. Qxe2 Qf5 21. Bh6 Rf6 22. f4 Qd3 23. Rae1 Qxe2 24. Rxe2 Nd3 25. g3 exf4 26. gxf4 Rf5 27. Re3 Nb2 28. Re7 Rf7 29. Rfe1 Rxe7 30. Rxe7 Nxc4 31. Kf2 b5 32. Rg7+ Kh8 33. Rxc7 Nb6 34. Bg7+ Kg8 35. Bd4 Nxd5 36. Rg7+ Kf8 37. Rxh7 Re8 38. Kf3 a5 39. Ra7 b4 40. c4 Ne7 41. Rxa5 Rc8 42. Bf6 Rxc4 43. Bxe7+ Kxe7 44. Rb5 Ke6 45. Kg4 Rc2 46. Rxb4 Rg2+ 47. Kf3 Rxa2 48. Rb8 1/2-1/2

[Event "MPL-1 Indian Chess Tour 2022"]
[Site "Online"]
[Date "2022.03.27"]
[Round "11.8"]
[White "Puranik, Abhimanyu"]
[Black "Sankalp Gupta"]
[Result "0-1"]
[ECO "B11"]
[WhiteElo "2618"]
[BlackElo "2536"]
[Annotator "ChessBase"]
[PlyCount "54"]
[EventDate "2022.03.30"]
[EventType "tourn"]
[EventCountry "NET"]
[SourceTitle "playchess.com"]
[Source "ChessBase"]
[SourceQuality "1"]
[TimeControl "5400+30"]

1. e4 c6 2. Nf3 d5 3. Nc3 Bg4 4. h3 Bxf3 5. Qxf3 e6 6. Be2 Bc5 7. O-O Ne7 8. Rd1 d4 9. Nb1 Nd7 10. d3 O-O 11. Qg3 f5 12. Bg5 Qe8 13. Nd2 e5 14. Bxe7 f4 15. Qh2 Bxe7 16. h4 h5 17. Qh3 Rf6 18. Bxh5 Qxh5 19. Qxd7 Bd6 20. Nf3 Raf8 21. Kf1 Rg6 22. Qxb7 Rxg2 23. Ke2 Rg3 24. fxg3 fxg3 25. Rf1 g2 26. Qd7 g1=Q 27. Qh3 Qe3+ 0-1

[Event "MPL-1 Indian Chess Tour 2022"]
[Site "Online"]
[Date "2022.03.27"]
[Round "12.1"]
[White "Sethuraman, S.P."]
[Black "Sankalp Gupta"]
[Result "1/2-1/2"]
[ECO "A28"]
[WhiteElo "2619"]
[BlackElo "2536"]
[Annotator "ChessBase"]
[PlyCount "90"]
[EventDate "2022.03.30"]
[EventType "tourn"]
[EventCountry "NET"]
[SourceTitle "playchess.com"]
[Source "ChessBase"]
[SourceQuality "1"]
[TimeControl "5400+30"]

1. c4 e5 2. Nc3 Nf6 3. Nf3 Nc6 4. e3 Bb4 5. Qc2 Bxc3 6. Qxc3 d6 7. d4 Qe7 8. d5 Nb8 9. b4 O-O 10. Bb2 b5 11. Nd2 bxc4 12. Bxc4 Bb7 13. e4 c6 14. dxc6 Nxc6 15. O-O Rac8 16. Qb3 Qc7 17. Rac1 Qb6 18. a3 Nd4 19. Qd3 d5 20. exd5 Nxd5 21. Bxd4 exd4 22. Bxd5 Bxd5 23. Nf3 Qb7 24. Ng5 g6 25. Qxd4 Bxg2 26. Rxc8 Rxc8 27. Re1 h6 28. Ne4 Bxe4 29. Qxe4 Qc7 30. Qf3 Kg7 31. Kg2 Rd8 32. Qe4 Kh7 33. Re3 Qd7 34. h3 h5 35. Qf3 Kg7 36. Qe4 Kh7 37. Qc4 Kg8 38. b5 Rc8 39. Qb4 Qd5+ 40. Rf3 Rc4 41. Qb3 h4 42. Kh2 Qe5+ 43. Kg2 Qd5 44. Kh2 Qe5+ 45. Kg2 Qd5 1/2-1/2

[Event "MPL-1 Indian Chess Tour 2022"]
[Site "Online"]
[Date "2022.03.27"]
[Round "12.2"]
[White "Erigaisi Arjun"]
[Black "Puranik, Abhimanyu"]
[Result "1-0"]
[ECO "A38"]
[WhiteElo "2633"]
[BlackElo "2618"]
[Annotator "ChessBase"]
[PlyCount "187"]
[EventDate "2022.03.30"]
[EventType "tourn"]
[EventCountry "NET"]
[SourceTitle "playchess.com"]
[Source "ChessBase"]
[SourceQuality "1"]
[TimeControl "5400+30"]

1. Nf3 Nf6 2. c4 c5 3. b3 g6 4. Bb2 Bg7 5. g3 d6 6. Bg2 e5 7. O-O O-O 8. Nc3 Nc6 9. d3 Nh5 10. a3 f5 11. b4 Kh8 12. Nd5 Be6 13. bxc5 dxc5 14. Qd2 Bg8 15. Bc3 Qd6 16. Qb2 b6 17. a4 Rab8 18. e3 Rfe8 19. Rae1 Rf8 20. Nd2 Rbe8 21. f4 exf4 22. Nxf4 Bxc3 23. Qxc3+ Qe5 24. Qb3 Na5 25. Qb1 Nxf4 26. gxf4 Qc3 27. Re2 Re7 28. Rc1 Qf6 29. Nf3 Nc6 30. a5 bxa5 31. Kf2 Rb8 32. Qa1 Qxa1 33. Rxa1 Rbe8 34. Bf1 Kg7 35. Ne1 h6 36. h4 Kf6 37. Raa2 g5 38. hxg5+ hxg5 39. Bg2 Nb4 40. fxg5+ Kxg5 41. Rxa5 Rc7 42. Ra3 Bf7 43. Bf3 Rd8 44. Rb2 f4 45. Be4 fxe3+ 46. Kxe3 Kf6 47. Ra5 Ke7 48. Nc2 Nxc2+ 49. Rxc2 Rdd7 50. Rca2 Kd8 51. Rg2 Ke7 52. Rg5 Kd6 53. Ra6+ Ke7 54. Kf4 Rd4 55. Re5+ Kd8 56. Ke3 Bxc4 57. dxc4 Rxc4 58. Bd5 Rd4 59. Be6 Rd1 60. Kf4 c4 61. Rg5 c3 62. Rg8+ Ke7 63. Rg7+ Kd8 64. Rg8+ Ke7 65. Bb3 Rf1+ 66. Ke5 Re1+ 67. Kd5 c2 68. Rg7+ Kd8 69. Rxc7 Kxc7 70. Bxc2 Re7 71. Rxa7+ Kd8 72. Ra8+ Kc7 73. Bf5 Kb7 74. Ra1 Kc7 75. Be6 Kb6 76. Kd6 Rb7 77. Bd7 Rb8 78. Ra2 Rb7 79. Bc8 Rb8 80. Rb2+ Ka7 81. Rc2 Kb6 82. Rc5 Ka7 83. Bd7 Kb6 84. Rc6+ Ka7 85. Kc5 Rb1 86. Be6 Rb8 87. Bd5 Rb1 88. Rc7+ Kb8 89. Rg7 Rc1+ 90. Kd6 Rc7 91. Rg2 Rh7 92. Rg8+ Ka7 93. Kc5 Ka6 94. Rg2 1-0

[Event "MPL-1 Indian Chess Tour 2022"]
[Site "Online"]
[Date "2022.03.27"]
[Round "12.4"]
[White "Harika, Dronavalli"]
[Black "Iniyan, P."]
[Result "1/2-1/2"]
[ECO "A28"]
[WhiteElo "2517"]
[BlackElo "2516"]
[Annotator "ChessBase"]
[PlyCount "95"]
[EventDate "2022.03.30"]
[EventType "tourn"]
[EventCountry "NET"]
[SourceTitle "playchess.com"]
[Source "ChessBase"]
[SourceQuality "1"]
[TimeControl "5400+30"]

1. c4 e5 2. Nc3 Nc6 3. Nf3 Nf6 4. e4 Bb4 5. d3 d6 6. a3 Bxc3+ 7. bxc3 h6 8. g3 Be6 9. Bg2 O-O 10. O-O Qc8 11. Rb1 Rb8 12. Nh4 Bh3 13. Rb2 Ne7 14. f4 Bxg2 15. Rxg2 Qg4 16. Qe1 b5 17. fxe5 dxe5 18. cxb5 Rfd8 19. Nf3 Ng6 20. d4 Rxb5 21. Qe2 c6 22. c4 Ra5 23. Qe1 Ra4 24. dxe5 Nd7 25. Qf2 Ndxe5 26. Nxe5 Nxe5 27. Bb2 f6 28. Bxe5 fxe5 29. Qf7+ Kh7 30. Rb2 Rxa3 31. Qe7 Rdd3 32. Qxe5 Rf3 33. Rxf3 Rxf3 34. Rf2 a6 35. Kg2 Rxf2+ 36. Kxf2 Qh3 37. Kg1 Qd7 38. Qc5 Qd1+ 39. Kf2 Qd2+ 40. Kf3 Qd3+ 41. Kf4 Qf1+ 42. Kg4 Qe2+ 43. Kf4 Qd2+ 44. Kf3 Qd1+ 45. Kf2 Qc2+ 46. Ke3 Qc1+ 47. Kf2 Qd2+ 48. Kf3 1/2-1/2

[Event "MPL-1 Indian Chess Tour 2022"]
[Site "Online"]
[Date "2022.03.31"]
[Round "12.6"]
[White "Mendonca, Leon Luke"]
[Black "Sadhwani, Raunak"]
[Result "0-1"]
[ECO "A81"]
[WhiteElo "2536"]
[BlackElo "2616"]
[Annotator "ChessBase"]
[PlyCount "92"]
[EventDate "2022.03.30"]
[EventType "tourn"]
[EventCountry "NET"]
[SourceTitle "playchess.com"]
[Source "ChessBase"]
[SourceQuality "1"]
[TimeControl "5400+30"]

1. d4 f5 2. g3 Nf6 3. Bg2 g6 4. c3 Bg7 5. Qb3 Nc6 6. h4 a5 7. a4 e6 8. Nh3 d5 9. Nd2 e5 10. dxe5 Nxe5 11. Nf4 c6 12. h5 Ne4 13. Nxe4 fxe4 14. hxg6 hxg6 15. Rxh8+ Bxh8 16. Bxe4 Qf6 17. Bg2 Qf7 18. Be3 Nc4 19. O-O-O Bg4 20. Nxd5 Nxe3 21. Nc7+ Kf8 22. Qxf7+ Kxf7 23. Nxa8 Nxd1 24. Kxd1 Bf6 25. Kd2 Bd8 26. b4 Be6 27. Kc2 Ke7 28. b5 cxb5 29. axb5 b6 30. f4 Bc4 31. e4 Bxb5 32. e5 Bc4 33. Be4 Kf7 34. Bf3 b5 35. g4 Ke6 36. Be4 g5 37. fxg5 Kxe5 38. Bf3 Kf4 39. Bc6 Kxg5 40. Bd7 Bd5 41. Bxb5 Bxa8 42. Bd7 Bf3 43. Kb3 Bxg4 44. Bc6 Bd1+ 45. Kc4 Be7 46. Kd5 Bf3+ 0-1

[Event "MPL-1 Indian Chess Tour 2022"]
[Site "Online"]
[Date "2022.03.27"]
[Round "12.8"]
[White "Karthikeyan, Murali"]
[Black "Aryan Chopra"]
[Result "0-1"]
[ECO "B12"]
[WhiteElo "2622"]
[BlackElo "2585"]
[Annotator "ChessBase"]
[PlyCount "74"]
[EventDate "2022.03.30"]
[EventType "tourn"]
[EventCountry "NET"]
[SourceTitle "playchess.com"]
[Source "ChessBase"]
[SourceQuality "1"]
[TimeControl "5400+30"]

1. e4 c6 2. d4 d5 3. e5 c5 4. Nf3 cxd4 5. Nxd4 Nc6 6. Nxc6 bxc6 7. Bd3 e6 8. O-O Ne7 9. Nd2 a5 10. Re1 Ba6 11. c4 Ng6 12. Nf3 Bb4 13. Bd2 dxc4 14. Be4 O-O 15. Qc2 Rb8 16. Rad1 Qb6 17. h4 Rfd8 18. h5 Nf8 19. h6 g6 20. Qc1 Bc5 21. Bg5 Rxd1 22. Rxd1 Qxb2 23. Qf4 Qxf2+ 24. Kh1 Rb2 25. Rg1 Nd7 26. Bh4 Qe3 27. Qxe3 Bxe3 28. Rd1 Nf8 29. Rd8 c3 30. Bg5 Bc5 31. Nd4 Bb5 32. Nb3 Bb4 33. Kh2 Re2 34. Bf3 Rxe5 35. Bf6 Rf5 36. Bg7 c2 37. Be4 a4 0-1

[Event "MPL-1 Indian Chess Tour 2022"]
[Site "Online"]
[Date "2022.03.27"]
[Round "13.1"]
[White "Aryan Chopra"]
[Black "Sethuraman, S.P."]
[Result "1-0"]
[ECO "B09"]
[WhiteElo "2585"]
[BlackElo "2619"]
[Annotator "ChessBase"]
[PlyCount "71"]
[EventDate "2022.03.30"]
[EventType "tourn"]
[EventCountry "NET"]
[SourceTitle "playchess.com"]
[Source "ChessBase"]
[SourceQuality "1"]
[TimeControl "5400+30"]

1. e4 g6 2. d4 Bg7 3. Nc3 d6 4. f4 Nf6 5. Bd3 O-O 6. Nf3 Nc6 7. e5 dxe5 8. fxe5 Nh5 9. Be3 Bg4 10. Be2 f6 11. d5 Nxe5 12. Nxe5 Bxe2 13. Qxe2 fxe5 14. O-O-O Nf4 15. Qc4 Nxg2 16. d6+ Kh8 17. dxc7 Qc8 18. Bg5 h6 19. Rhg1 hxg5 20. Rxg2 Qf5 21. Ne4 g4 22. Kb1 Rac8 23. Rf2 Rxc7 24. Qxc7 Qxe4 25. Rxf8+ Bxf8 26. Rf1 Bg7 27. Qxe7 Qd4 28. Qh4+ Kg8 29. Qf2 Qd5 30. Qxa7 e4 31. Qe3 Kh7 32. Re1 Qe5 33. c3 Qxh2 34. Qxe4 Qg3 35. Rh1+ Kg8 36. Qe6+ 1-0

[Event "MPL-1 Indian Chess Tour 2022"]
[Site "Online"]
[Date "2022.03.27"]
[Round "13.2"]
[White "Gukesh D"]
[Black "Karthikeyan, Murali"]
[Result "0-1"]
[ECO "D52"]
[WhiteElo "2614"]
[BlackElo "2622"]
[Annotator "ChessBase"]
[PlyCount "82"]
[EventDate "2022.03.30"]
[EventType "tourn"]
[EventCountry "NET"]
[SourceTitle "playchess.com"]
[Source "ChessBase"]
[SourceQuality "1"]
[TimeControl "5400+30"]

1. d4 Nf6 2. c4 e6 3. Nf3 d5 4. Nc3 c6 5. Bg5 Nbd7 6. e3 Qa5 7. Nd2 dxc4 8. Bxf6 Nxf6 9. Nxc4 Qc7 10. Rc1 Bd6 11. f4 Be7 12. Be2 O-O 13. O-O Rd8 14. Qc2 Bd7 15. Ne4 Nxe4 16. Qxe4 c5 17. f5 Qc6 18. Qxc6 Bxc6 19. fxe6 fxe6 20. Bg4 Bd5 21. e4 Bxc4 22. Rxc4 cxd4 23. Bxe6+ Kh8 24. Rc7 Bf6 25. Rxb7 d3 26. Rd1 Bg5 27. Kf2 Rd6 28. Bd5 Rf8+ 29. Kg3 Bf4+ 30. Kh3 Rh6+ 31. Kg4 Rxh2 32. Bf7 Be5 33. Kf5 Bxb2 34. Rxd3 Rxg2 35. e5 g6+ 36. Ke6 Re2 37. Rd5 a6 38. a4 Kg7 39. Rc5 Bxe5 40. Be8+ Kh6 41. Kd7 Rxe8 0-1

[Event "MPL-1 Indian Chess Tour 2022"]
[Site "Online"]
[Date "2022.03.27"]
[Round "13.4"]
[White "Gupta, Abhijeet"]
[Black "Mendonca, Leon Luke"]
[Result "1-0"]
[ECO "E04"]
[WhiteElo "2628"]
[BlackElo "2536"]
[Annotator "ChessBase"]
[PlyCount "109"]
[EventDate "2022.03.30"]
[EventType "tourn"]
[EventCountry "NET"]
[SourceTitle "playchess.com"]
[Source "ChessBase"]
[SourceQuality "1"]
[TimeControl "5400+30"]

1. d4 d5 2. c4 e6 3. Nf3 Nf6 4. g3 dxc4 5. Bg2 a6 6. O-O Nc6 7. e3 Bd7 8. Qe2 Bd6 9. Rd1 O-O 10. Qxc4 Qe7 11. b3 e5 12. Bb2 e4 13. Nfd2 h5 14. Nc3 b5 15. Qf1 Bf5 16. a4 b4 17. Ne2 Qd7 18. Nc4 Nd5 19. Rac1 Nce7 20. f3 Qe6 21. Qf2 Rae8 22. Re1 Ng6 23. fxe4 Bxe4 24. Nf4 Ngxf4 25. exf4 Qf5 26. Ne5 Bxg2 27. Qxg2 Ne7 28. d5 f6 29. Nf3 Qxd5 30. Nd4 Qxg2+ 31. Kxg2 Nd5 32. Kf2 Rxe1 33. Kxe1 Kf7 34. Kd2 Ne7 35. Kd3 h4 36. Ne2 Re8 37. Bd4 Nf5 38. Bf2 Nh6 39. gxh4 Nf5 40. Rc6 Ra8 41. Ng3 Ne7 42. Rc4 Ng6 43. Ne2 Rh8 44. Rc6 Ra8 45. Bg3 Ne7 46. Rc4 Ke6 47. Nd4+ Kd5 48. f5 a5 49. Nb5 Bxg3 50. hxg3 Ke5 51. Rc5+ Nd5 52. Rxd5+ Kxd5 53. Nxc7+ Ke5 54. Nxa8 Kxf5 55. Ke3 1-0

[Event "MPL-1 Indian Chess Tour 2022"]
[Site "Online"]
[Date "2022.03.27"]
[Round "13.6"]
[White "Lalith Babu M R"]
[Black "Harika, Dronavalli"]
[Result "1/2-1/2"]
[ECO "A57"]
[WhiteElo "2563"]
[BlackElo "2517"]
[Annotator "ChessBase"]
[PlyCount "148"]
[EventDate "2022.03.30"]
[EventType "tourn"]
[EventCountry "NET"]
[SourceTitle "playchess.com"]
[Source "ChessBase"]
[SourceQuality "1"]
[TimeControl "5400+30"]

1. d4 Nf6 2. c4 c5 3. d5 b5 4. cxb5 a6 5. b6 e6 6. Nc3 exd5 7. Nxd5 Nxd5 8. Qxd5 Nc6 9. e3 Be7 10. Bc4 O-O 11. Nf3 Rb8 12. O-O Rxb6 13. Bd2 d6 14. Qe4 Nb4 15. Bxb4 Rxb4 16. b3 Bb7 17. Qf5 g6 18. Qh3 d5 19. Rad1 Qa8 20. Be2 Qc8 21. Qxc8 Rxc8 22. Ne5 Bf6 23. Nd3 Rb6 24. Nf4 d4 25. exd4 cxd4 26. Bc4 Rd6 27. Rfe1 Kg7 28. Kf1 a5 29. Nd3 a4 30. Ne5 axb3 31. axb3 Rc7 32. Nd3 h5 33. Ra1 Bc8 34. Ra5 Bf5 35. Rd1 Bxd3+ 36. Rxd3 Re7 37. g3 h4 38. g4 Re5 39. Ra8 Re4 40. h3 Rd7 41. Kg2 Rde7 42. Rf3 Be5 43. Ra1 Rf4 44. Rxf4 Bxf4 45. Kf3 Be5 46. Rb1 Kf6 47. b4 Rc7 48. Bd3 Rc3 49. Ke4 Ke6 50. g5 f5+ 51. gxf6 Kxf6 52. b5 Rc7 53. b6 Rb7 54. Kd5 Rd7+ 55. Kc6 Rd6+ 56. Kc5 Rd8 57. b7 g5 58. Rb6+ Ke7 59. f3 Bf4 60. Rh6 Kd7 61. Rc6 Ke7 62. Rc8 Kd7 63. Kxd4 Ke7+ 64. Kc4 Kd7 65. Bf5+ Ke7 66. Kc5 Be3+ 67. Kc6 Rd6+ 68. Kc7 Bf4 69. b8=Q Rf6+ 70. Kb7 Bxb8 71. Bg4 Bf4 72. Rc2 Rd6 73. Re2+ Kf6 74. Kc8 Kf7 1/2-1/2

[Event "MPL-1 Indian Chess Tour 2022"]
[Site "Online"]
[Date "2022.03.27"]
[Round "13.8"]
[White "Sankalp Gupta"]
[Black "Erigaisi Arjun"]
[Result "0-1"]
[ECO "B01"]
[WhiteElo "2536"]
[BlackElo "2633"]
[Annotator "ChessBase"]
[PlyCount "80"]
[EventDate "2022.03.30"]
[EventType "tourn"]
[EventCountry "NET"]
[SourceTitle "playchess.com"]
[Source "ChessBase"]
[SourceQuality "1"]
[TimeControl "5400+30"]

1. e4 d5 2. exd5 Qxd5 3. Nc3 Qa5 4. Bc4 Nf6 5. d4 Bg4 6. f3 Bd7 7. Nge2 c5 8. dxc5 e6 9. Be3 Bxc5 10. Bxc5 Qxc5 11. Qd4 Qxd4 12. Nxd4 Nc6 13. Ndb5 Ke7 14. O-O-O Na5 15. Be2 Rhd8 16. Rd2 Bxb5 17. Bxb5 Rxd2 18. Kxd2 g5 19. b4 Rd8+ 20. Ke3 Rc8 21. Kd3 Nc6 22. Bxc6 Rxc6 23. a4 Nd7 24. Re1 Rd6+ 25. Kc4 Rd2 26. Re2 Rxe2 27. Nxe2 Kd6 28. Nc3 Ke5 29. a5 f5 30. b5 Kd6 31. Ne2 h5 32. Kb4 h4 33. h3 e5 34. c4 Nc5 35. Kc3 Ne6 36. g4 fxg4 37. fxg4 Nf4 38. Ng1 Kc5 39. Nf3 Nxh3 40. Nxg5 Nxg5 0-1

[Event "MPL-1 Indian Chess Tour 2022"]
[Site "Online"]
[Date "2022.03.27"]
[Round "14.1"]
[White "Sethuraman, S.P."]
[Black "Erigaisi Arjun"]
[Result "1/2-1/2"]
[ECO "E48"]
[WhiteElo "2619"]
[BlackElo "2633"]
[Annotator "ChessBase"]
[PlyCount "86"]
[EventDate "2022.03.30"]
[EventType "tourn"]
[EventCountry "NET"]
[SourceTitle "playchess.com"]
[Source "ChessBase"]
[SourceQuality "1"]
[TimeControl "5400+30"]

1. d4 Nf6 2. c4 e6 3. Nc3 Bb4 4. e3 O-O 5. Bd3 d5 6. cxd5 exd5 7. a3 Bd6 8. Nge2 Re8 9. Qc2 c5 10. dxc5 Bxc5 11. O-O Nc6 12. Rd1 Bb6 13. Ng3 Bg4 14. Be2 Bxe2 15. Ncxe2 Rc8 16. Bd2 Nd4 17. Qd3 Nxe2+ 18. Nxe2 Ba5 19. Bxa5 Qxa5 20. Rac1 h6 21. h3 Qb6 22. b3 a6 23. Rc2 Rc6 24. Rdc1 Rec8 25. Nd4 Rxc2 26. Rxc2 Qd8 27. Qf5 Rxc2 28. Qxc2 Ne4 29. f3 Ng5 30. Qf5 Qe7 31. Kf2 Qxa3 32. Qc8+ Kh7 33. Qf5+ Kg8 34. Qxd5 Qb2+ 35. Kg3 Qd2 36. Qe5 Qe1+ 37. Kh2 Qb4 38. h4 Ne6 39. Nxe6 Qxh4+ 40. Kg1 Qe1+ 41. Kh2 Qh4+ 42. Kg1 Qe1+ 43. Kh2 Qh4+ 1/2-1/2

[Event "MPL-1 Indian Chess Tour 2022"]
[Site "Online"]
[Date "2022.03.27"]
[Round "14.3"]
[White "Harika, Dronavalli"]
[Black "Puranik, Abhimanyu"]
[Result "1-0"]
[ECO "B22"]
[WhiteElo "2517"]
[BlackElo "2618"]
[Annotator "ChessBase"]
[PlyCount "81"]
[EventDate "2022.03.30"]
[EventType "tourn"]
[EventCountry "NET"]
[SourceTitle "playchess.com"]
[Source "ChessBase"]
[SourceQuality "1"]
[TimeControl "5400+30"]

1. e4 c5 2. c3 d5 3. exd5 Nf6 4. Bb5+ Nbd7 5. d4 Nxd5 6. dxc5 e6 7. c6 bxc6 8. Bxc6 Rb8 9. Ne2 Bd6 10. Bxd5 exd5 11. O-O Qc7 12. Ng3 O-O 13. Nd2 Ne5 14. Nb3 Ba6 15. Re1 Nd3 16. Re3 Nxc1 17. Nxc1 Bc5 18. Rf3 Rxb2 19. Nd3 Bxd3 20. Qxd3 Qb6 21. Rf1 Qe6 22. Nh5 Rxa2 23. Nf4 Qe4 24. Qxd5 Qxd5 25. Nxd5 Re8 26. Rf5 Bf8 27. g3 a5 28. Rb1 a4 29. Rb7 a3 30. Nb4 Ra1+ 31. Kg2 f6 32. Ra5 Rc8 33. Raa7 h5 34. Nd5 Rc5 35. Rd7 a2 36. Rd8 h4 37. Ne7+ Kf7 38. Nf5+ Kg6 39. Nxh4+ Kh7 40. Rxf8 Rxc3 41. Rff7 1-0